 Dungeon Crawl Stone Soup version 0.28-a0-1143-gcf6077d4cc (webtiles) character file.

Game seed: 9838395531395278537

58 spaghetti the Magician (level 4, -1/35 HPs)
             Began as a Djinni Ice Elementalist on Dec 14, 2021.
             Slain by a worm (5 damage)
             ... on level 2 of the Dungeon.
             The game lasted 00:02:46 (1524 turns).

spaghetti the Magician (Djinni Ice Elementalist)    Turns: 1524, Time: 00:02:46

Health: -1/35      AC:  2    Str:  6 (7)  XL:     4   Next: 21%
Gold:   28         EV: 12    Int: 17 (19) God:
                   SH:  0    Dex: 11 (13)

rFire   + + .      SeeInvis .   e - +2 dagger (elec) {short}
rCold   x . .      Faith    .   (no shield)
rNeg    . . .      Spirit   .   a - +0 robe
rPois   ∞          Reflect  .   (no helmet)
rElec   .          Harm     .   d - scarf {shadows}
rCorr   .          Rampage  .   (no gloves)
Will    .....                   (boots unavailable)
Stlth   ++........              (no amulet)
HPRegen 0.11/turn               (no ring)
MPRegen 0.00/turn               (no ring)

@: freezing walls, flying
A: sickness immunity, fire resistance 2, cold vulnerability 1, float, innate
caster, hp casting, extra vitality 1
a: no special abilities


You were on level 2 of the Dungeon.
You visited 1 branch of the dungeon, and saw 2 of its levels.

You collected 28 gold pieces.


Innate Abilities, Weirdness & Mutations

You are immune to sickness and miasma.
You are immune to poison.
Your flesh is very heat resistant. (rF++)
You are vulnerable to cold. (rC-)
You float through the air rather than walking.
You learn spells naturally, not from books.
Your magical power is your life essence.
You have superior vitality. (+4 HP)


   Skills:
 + Level 3.1 Fighting
 + Level 1.1 Short Blades
 - Level 2.1 Dodging
 - Level 1.5 Stealth
 - Level 3.2 Spellcasting


You couldn't memorise any spells.
You knew the following spells:

 Your Spells              Type           Power      Damage    Failure   Level
a - Freeze                Ice            52%        1d7       4%          1
b - Frozen Ramparts       Ice            26%        1d4       13%         3
c - Ozocubu's Armour      Ice            13%        N/A       13%         3
d - Hailstorm             Conj/Ice       13%        3d5       41%         4
e - Animate Skeleton      Necr           26%        N/A       4%          1
Your spell library was empty.

Inventory:

Hand Weapons
 b - a +2 hand axe of venom {axe}
   (You found it on level 1 of the Dungeon)
 e - a +2 dagger of electrocution (weapon) {short}
   (You found it on level 1 of the Dungeon)
Missiles
 c - 11 stones {throwing}
Armour
 a - a +0 robe (worn)
 d - a scarf of shadows (worn)
   (You found it on level 1 of the Dungeon)
Wands
 f - a wand of polymorph (11)
   (You took it off Jessica on level 2 of the Dungeon)

Dungeon Overview and Level Annotations

Branches:
Dungeon (2/15)

Altars:

.....# ....# .....
#...# #.#.# .
####.#.#####..
#.............
#.##w#.....^..
#.##@#..####.
####.#####.# .
#.......##.####...
#.8...8.#.........
#.......###w##.##
#.8...8.# #.#
#.......#..†...#
#.8..)8.##........
#...<...##........


You could see a worm.


Message History

a +0 dagger {short}; a +0 robe Unknown command.
A worm comes into view.
A worm is nearby!
A worm comes into view.
The worm bites you! 😮 HP[-10]
You take 10 damage, and now have 25/35 hp.
MASSIVE DAMAGE!! (PAUSE)
Casting: Freeze (safe; 4% risk of failure)
Confirm with . or Enter, or press ? or * to list all spells.
Aiming: Freeze (safe; 4% risk of failure)
Press: ? - help, Shift-Dir - straight line, f - worm
Aim: a worm You freeze the worm! 😮 HP[-1]
You take 1 damage, and now have 24/35 hp.
Casting: Freeze (safe; 4% risk of failure)
Confirm with . or Enter, or press ? or * to list all spells.
Aiming: Freeze (safe; 4% risk of failure)
Press: ? - help, Shift-Dir - straight line, f/p - worm
Aim: a worm (heavily wounded)
You freeze the worm. The worm bites you. 😮 HP[-6]
You take 6 damage, and now have 18/35 hp.
Casting: Freeze (safe; 4% risk of failure)
Confirm with . or Enter, or press ? or * to list all spells.
Aiming: Freeze (safe; 4% risk of failure)
Press: ? - help, Shift-Dir - straight line, f/p - worm
Aim: a worm (heavily wounded)
You freeze the worm.
* * * LOW HITPOINT WARNING * * *
😨 HP[-1]
You take 1 damage, and now have 17/35 hp.
Casting: Freeze (safe; 4% risk of failure)
Confirm with . or Enter, or press ? or * to list all spells.
Aiming: Freeze (safe; 4% risk of failure)
Press: ? - help, Shift-Dir - straight line, f/p - worm
Aim: a worm (severely wounded)
You freeze the worm.
You kill the worm!
* * * LOW HITPOINT WARNING * * *
Unknown command.
A worm is nearby! 😮 HP[+1]
You start resting.
A worm is nearby!
Unknown command.
There are no items here.
There are no items here.
Casting: Freeze (safe; 4% risk of failure)
Confirm with . or Enter, or press ? or * to list all spells.
Aiming: Freeze (safe; 4% risk of failure)
Press: ? - help, Shift-Dir - straight line, f - worm
Aim: a worm You freeze the worm.
* * * LOW HITPOINT WARNING * * *
Casting: Freeze (safe; 4% risk of failure)
Confirm with . or Enter, or press ? or * to list all spells.
Aiming: Freeze (safe; 4% risk of failure)
Press: ? - help, Shift-Dir - straight line, f/p - worm
Aim: a worm (lightly wounded)
You freeze the worm.
* * * LOW HITPOINT WARNING * * *
The worm misses you. 😨 HP[-1]
You take 1 damage, and now have 17/35 hp.
Unknown command.
Unknown command.
Unknown command.
Unknown command.
Unknown command.
Unknown command.
Casting: Freeze (safe; 4% risk of failure)
Confirm with . or Enter, or press ? or * to list all spells.
The spell is quite dangerous to miscast (13% risk of failure)!
Continue anyway?
Okay, then.
Unknown command.
Unknown command.
Unknown command.
You aren't carrying any potions.
Casting: Frozen Ramparts (quite dangerous; 13% risk of failure)
Confirm with . or Enter, or press ? or * to list all spells.
The spell is quite dangerous to miscast (13% risk of failure)!
Continue anyway?
Casting: Frozen Ramparts (quite dangerous; 13% risk of failure)
Press: ? - help, Dir - look around, f - activate The walls around you are covered in ice.
* * * LOW HITPOINT WARNING * * *
The wall freezes the worm!
The worm bites you!
* * * LOW HITPOINT WARNING * * *
😱 HP[-13]
You take 13 damage, and now have 4/35 hp.
MASSIVE DAMAGE!! (PAUSE) Unknown command.
You hit the worm.
Unknown command.
Unknown command.
Unknown command.
You barely miss the worm.
The wall freezes the worm.
The worm bites you.
You die...

Skill      XL: |  1  2  3 |
---------------+----------+-----
Fighting       | 1 2 3 |  3.1
Short Blades   | 1 |  1.1
Dodging        | |  2.1
Stealth        | |  1.5
Spellcasting   | |  3.2

Action                   |  1- 3 |  4- 6 || total
-------------------------+-------+-------++-------
Melee: Unarmed           |     1 |       ||     1
       Hand axe          |    37 |       ||    37
       Dagger            |     6 |     2 ||     8
 Cast: Freeze            |     9 |     8 ||    17
       Frozen Ramparts   |     1 |     1 ||     2
  Use: Scroll            |     4 |       ||     4
       Potion            |     1 |       ||     1
 Stab: Sleeping          |     3 |       ||     3
Armor: Robe              |    12 |       ||    12
Dodge: Dodged            |    39 |     1 ||    40

Levels and vault maps discovered:
D:1:      evilmike_arrival_plus, layout_loops_ring
D:2:      layout_rooms, grunt_ministairs_3, minmay_misc_feat_diagonals,
          st_stairs_9, uniq_jessica

Notes
Turn   | Place    | Note
-------+----------+-------------------------------------------
     0 | D:1      | spaghetti the Djinni Ice Elementalist began the quest for
                  | the Orb.
     0 | D:1      | Reached XP level 1. HP: 15/15 MP: 0/0
     0 | D:1      | magus.rc [v1.9.6]
    47 | D:1      | Reached skill level 1 in Fighting
    66 | D:1      | Reached XP level 2. HP: 15/22 MP: 0/0
   417 | D:1      | Reached skill level 2 in Fighting
   805 | D:1      | Reached XP level 3. HP: 29/29 MP: 0/0
   805 | D:1      | Learned a level 1 spell: Animate Skeleton
  1060 | D:2      | Noticed Jessica
  1069 | D:2      | Killed Jessica
  1070 | D:2      | Reached skill level 3 in Fighting
  1070 | D:2      | Reached skill level 1 in Short Blades
  1070 | D:2      | Reached XP level 4. HP: 14/35 MP: 0/0
  1070 | D:2      | HP: 6/35 [frozen (7)]
  1071 | D:2      | HP: 2/35 [frozen (3)]
  1522 | D:2      | HP: 4/35 [worm (10)]
  1524 | D:2      | Slain by a worm

Vanquished Creatures
  Jessica (D:2)
  A worm (D:2)
  4 bats (D:1)
  An endoplasm (D:2)
  2 giant cockroaches (D:1)
  3 hobgoblins (D:1)
  4 kobolds (D:1)
  2 quokkas
  3 ball pythons
  3 frilled lizards (D:1)
  2 goblins (D:1)
  5 rats (D:1)
31 creatures vanquished.

Table legend:
 A = Non-vault XP
 B = Vault XP
 C = Vault XP percentage of total XP
 D = Non-vault monster count
 E = Vault monster count
 F = Vault count percentage of total count
                 A         B        C        D         E       F
            +---------+---------+-------+---------+---------+-------
      Total |      43 |      41 |  48.8 |      28 |       3 |   9.7
            +---------+---------+-------+---------+---------+-------
        D:1 |      37 |       0 |   0.0 |      26 |       0 |   0.0
        D:2 |       6 |      41 |  87.2 |       2 |       3 |  60.0
            +---------+---------+-------+---------+---------+-------

Illustrated notes

Table legend:
 A = Kills in this place as a percentage of kills in entire the game.
 B = Kills by you in this place as a percentage of kills by you in the entire game.
 C = Kills by friends in this place as a percentage of kills by friends in the entire game.
 D = Other kills in this place as a percentage of other kills in the entire game.
 E = Experience gained in this place as a percentage of experience gained in the entire game.
 F = Experience gained in this place divided by the number of levels of this place that you have seen.
                   A       B       C       D       E      F
               +-------+-------+-------+-------+-------+----------------------
         Total | 100.0 | 100.0 |   N/A |   N/A | 100.0 |  42.0
       Dungeon | 100.0 | 100.0 |   N/A |   N/A | 100.0 |  42.0
               +-------+-------+-------+-------+-------+----------------------

Table legend: (Time is in decaauts)
 A = Elapsed time spent in this place.
 B = Non-inter-level travel time spent in this place.
 C = Inter-level travel time spent in this place.
 D = Time resting spent in this place.
 E = Time spent auto-exploring this place.
 F = Levels seen in this place.
 G = Mean time per level.
                   A        B        C        D        E       F      G
               +--------+--------+--------+--------+--------+-----+--------+
         Total |   1533 |   1511 |     22 |    628 |    682 |   2 |  766.5 |
       Dungeon |   1533 |   1511 |     22 |    628 |    682 |   2 |  766.5 |
               +--------+--------+--------+--------+--------+-----+--------+

Top non-repeatable levels by time:
     D:1: 1070 daAuts
     D:2: 463 daAuts
